[Event "55th Rubinstein Memorial-A 2019"]
[Site "Polanica-Zdroj"]
[Date "2019.08.18"]
[Round "2.8"]
[White "Kozak, Antoni"]
[Black "Mazalon, Mariusz"]
[Result "1-0"]
[ECO "E70"]
[WhiteElo "2354"]
[BlackElo "2012"]
[Annotator "NA"]
[PlyCount "85"]
[EventDate "2019.08.17"]
[EventType "swiss"]
[EventCountry "POL"]
[SourceTitle "playchess.com"]
[Source "ChessBase"]
[SourceQuality "1"]
[TimeControl "40/5400+30:1800+30"]

1. d4 Nf6 2. c4 g6 3. Nc3 Bg7 4. e4 O-O 5. Nf3 c6 6. e5 Ne8 7. Bf4 d6 8. h3 Nd7 9. exd6 {[%emt 0:01:18] E70: King's Indian: Miscellaneous lines with 4 e4, including 5 Nge2 and 5 Bd3 0-0 6 Nge2} exd6 (9... Nxd6 10. Be2 c5 11. d5 Nb6 12. Qb3 e5 13. Bxe5 Bxe5 14. Nxe5 Re8 15. Nf3 Nbxc4 16. O-O Ne5 {½-½ (25) Kolev,A (2590)-Bartel,M (2611) Kavala 2011}) 10. Bd3 $146 ({Predecessor:} 10. Be2 a6 11. O-O b5 12. Rc1 b4 13. Na4 a5 14. c5 d5 15. Re1 Ba6 16. Bxa6 Rxa6 {0-1 (65) Lukov,V (2425)-Miguel Lago,V (2275) Nigran 1995}) 10... Ndf6 11. O-O Nc7 12. Qd2 a6 13. a4 a5 14. Rae1 Ne6 15. Bh2 d5 16. Be5 dxc4 17. Bxc4 Nc7 18. Qc2 Be6 (18... Nfd5 $11 {keeps the balance.}) 19. Bxc7 Qxc7 20. Bxe6 fxe6 21. Rxe6 Rad8 22. Rfe1 Qb6 23. Re7 Nd5 24. Nxd5 Rxd5 25. Qe4 Bxd4 26. Qe6+ Kh8 27. Rf7 $18 Rf5 28. Rxf5 gxf5 29. Qd7 Bxf2+ 30. Kh2 Qd8 31. Re7 Qxd7 32. Rxd7 b6 33. Ng5 f4 34. h4 Rf5 35. Nf7+ Kg7 36. Nd6+ Kf6 37. Nxf5 Kxf5 38. Rxh7 Kg4 39. h5 Bd4 40. b3 Kg5 41. Kh3 b5 42. axb5 cxb5 43. Rb7 1-0

[Event "55th Rubinstein Memorial-A 2019"]
[Site "Polanica-Zdroj"]
[Date "2019.08.18"]
[Round "2.9"]
[White "Psyk, Radoslaw"]
[Black "Kaczmarek, Arkadiusz"]
[Result "0-1"]
[ECO "C06"]
[WhiteElo "2326"]
[BlackElo "1986"]
[Annotator "NA"]
[PlyCount "110"]
[EventDate "2019.08.17"]
[EventType "swiss"]
[EventCountry "POL"]
[SourceTitle "playchess.com"]
[Source "ChessBase"]
[SourceQuality "1"]
[TimeControl "40/5400+30:1800+30"]

1. e4 e6 2. d4 d5 3. Nd2 Nf6 4. e5 Nfd7 5. Bd3 c5 6. c3 Nc6 7. Ne2 cxd4 8. cxd4 f6 9. exf6 Nxf6 10. Nf3 Bd6 11. O-O Qc7 12. Bg5 O-O 13. Bh4 Nh5 14. Qc2 h6 15. Bh7+ {C06: French Tarrasch: 3...Nf6 4 e5 Nfd7 5 Bd3 main lines} Kh8 16. Bg6 Rxf3 (16... Nf4 17. Nxf4 Rxf4 18. Bg3 Rxf3 19. gxf3 Qe7 20. Rad1 Bd7 21. Qc3 Rf8 22. Bb1 Kg8 {1-0 (41) Artemiev,V (2653)-Onischuk,V (2615) Martuni 2016}) 17. Bxh5 {[#]} Bxh2+ $146 ({Predecessor:} 17... Rf5 18. Bg6 Bxh2+ {0-1 (38) Hauge,L (2415)-Werle,J (2551) Novi Sad 2016}) 18. Kh1 Rf5 19. Bg6 Bd6 20. Bxf5 exf5 21. Rae1 Qf7 22. Bg3 Bb4 23. Rd1 Bd7 $14 24. a3 Ba5 25. b4 Bb6 26. Rfe1 a6 27. Kg1 Re8 28. Qc1 Kg8 29. Rd3 g5 30. Be5 Nxe5 31. dxe5 Rxe5 32. Nd4 Re4 33. Nf3 Qe6 34. Red1 Ba4 35. Re1 g4 36. Rxe4 fxe4 37. Nd4 Qf6 38. Qc8+ Kh7 39. Qxb7+ Kg6 40. Rd2 Bxd4 41. Qxd5 Be5 42. Qxe4+ Qf5 43. Qe1 Kf6 44. Qf1 Bb5 45. Qc1 Qf4 46. g3 Qe4 47. Rd8 Kg6 48. Rc8 Bd4 49. Qd2 Be5 50. Qa2 Bf6 51. Qg8+ Bg7 52. Qa2 Bc6 53. Kf1 Qd3+ 54. Qe2 Qb1+ 55. Qe1 Bb5+ 0-1

[Event "55th Rubinstein Memorial-A 2019"]
[Site "Polanica-Zdroj"]
[Date "2019.08.18"]
[Round "2.10"]
[White "Kucza, Karol"]
[Black "Kacprzak, Karol"]
[Result "1-0"]
[ECO "B96"]
[WhiteElo "2296"]
[BlackElo "1973"]
[Annotator "NA"]
[PlyCount "97"]
[EventDate "2019.08.17"]
[EventType "swiss"]
[EventCountry "POL"]
[SourceTitle "playchess.com"]
[Source "ChessBase"]
[SourceQuality "1"]
[TimeControl "40/5400+30:1800+30"]

1. e4 c5 2. Nf3 d6 3. d4 cxd4 4. Nxd4 Nf6 5. Nc3 a6 6. Bg5 e6 7. f4 h6 8. Bh4 Qc7 {[%emt 0:01:06] B96: Sicilian Najdorf: 6 Bg5 e6 7 f4, lines other than 7...Qb6 and 7...Be7} (8... Qb6 9. a3 Be7 10. Bf2 Qc7 11. Qf3 Nbd7 12. O-O-O b5 13. g4 Bb7 14. h4 Nc5 15. Bd3 h5 16. g5 Ng4 17. Rhg1 {½-½ (25) Grischuk,A (2766)-Vachier Lagrave,M (2779) Saint Louis 2018}) 9. Bxf6 gxf6 10. Qd2 b5 11. O-O-O $146 ({Predecessor:} 11. a3 Bb7 12. O-O-O Nd7 13. Bxb5 axb5 14. Ndxb5 Qb6 15. Nxd6+ Qxd6 16. Qxd6 Bxd6 17. Rxd6 {0-1 (48) Volpinari,D-Diallo,M Novi Sad 1990}) 11... Bb7 12. Bxb5+ axb5 13. Ndxb5 Qb6 14. Nxd6+ Bxd6 15. Qxd6 Qxd6 16. Rxd6 Ra6 17. Rhd1 Ke7 18. R6d3 Rb6 19. b3 Bc6 20. Re3 Bd7 21. Kb2 Na6 22. a3 Rc8 23. b4 Nc5 $11 24. Rd2 Rb7 25. e5 f5 26. Rd4 Bc6 27. g3 Rd8 28. Rc4 Na4+ 29. Kb3 Nxc3 30. Rxc6 Nb5 31. c3 Na7 32. Rc5 Rd5 33. Rxd5 exd5 34. Rd3 Ke6 35. c4 dxc4+ 36. Kxc4 Rc7+ 37. Kb3 Nc8 38. a4 Rd7 39. Rc3 Ne7 40. a5 Rb7 41. Ka4 Nd5 42. Rc6+ Ke7 43. b5 h5 44. b6 h4 45. Kb5 hxg3 46. hxg3 f6 47. a6 Rb8 48. a7 Rb7 49. exf6+ 1-0

[Event "55th Rubinstein Memorial-A 2019"]
[Site "Polanica-Zdroj"]
[Date "2019.08.18"]
[Round "2.11"]
[White "Kozlowski, Michal"]
[Black "Mis, Mieszko"]
[Result "0-1"]
[ECO "B06"]
[WhiteElo "1926"]
[BlackElo "2296"]
[Annotator "NA"]
[PlyCount "146"]
[EventDate "2019.08.17"]
[EventType "swiss"]
[EventCountry "POL"]
[SourceTitle "playchess.com"]
[Source "ChessBase"]
[SourceQuality "1"]
[TimeControl "40/5400+30:1800+30"]

1. e4 g6 2. d4 Bg7 3. Nf3 d6 4. Bc4 Nf6 5. Qe2 O-O 6. Nc3 Bg4 7. h3 Bxf3 8. Qxf3 Nc6 9. Be3 e5 {[%emt 0:02:17] B08: Pirc Defence: Classical System} 10. dxe5 Nxe5 (10... dxe5 11. Ne2 Nd4 12. Nxd4 exd4 13. O-O-O c5 14. Bg5 Qb6 15. Rhe1 Rae8 16. Qd3 a6 17. e5 {1-0 (32) Ruperez Benito,A (2353)-Perez Gonzalez,J (2221) Madrid 2018}) 11. Qe2 c6 $146 ({Predecessor:} 11... Nxc4 12. Qxc4 Re8 13. O-O-O a6 14. f3 Qd7 15. h4 b5 16. Qd3 Qe6 17. Kb1 {0-1 (70) Hemmert,B-Fritsch,R Berlin West 1972}) 12. Bb3 b5 13. a3 a5 14. f3 b4 15. axb4 axb4 16. Rxa8 Qxa8 17. Na4 d5 18. O-O dxe4 19. fxe4 Nxe4 20. Bf4 Qa7+ $15 21. Be3 Qe7 22. Rf4 Ng5 23. Bc5 Nxh3+ 24. gxh3 Qg5+ 25. Rg4 Nxg4 26. Qxg4 Qxg4+ 27. hxg4 Rd8 28. Kg2 Bf8 29. Kf3 Bxc5 30. Nxc5 Kg7 31. Ke3 h5 32. gxh5 gxh5 33. Nd3 h4 34. Kf3 Rd4 35. Ba4 Kf6 36. b3 Kg5 37. Nf2 f5 38. Bxc6 Rd2 39. Nh3+ Kf6 40. Nf4 Rxc2 41. Nd5+ Ke5 42. Nxb4 Rc3+ 43. Ke2 h3 44. Ba8 h2 45. Nd3+ Kd4 46. Ne1 Rxb3 47. Bh1 Ke5 48. Kf2 Kf4 49. Kg2 Rb1 50. Nd3+ Ke3 51. Ne5 Rb2+ 52. Kh3 Rc2 53. Kg3 Rc5 54. Ng6 f4+ 55. Nxf4 Rg5+ 56. Kxh2 Kxf4 57. Bc6 Rc5 58. Ba4 Ra5 59. Bc6 Ra3 60. Bb7 Rg3 61. Bc6 Kg4 62. Bb7 Rc3 63. Kg1 Kf4 64. Kf1 Ke3 65. Kg2 Rc2+ 66. Kh3 Kf4 67. Bd5 Rc3+ 68. Kg2 Rc2+ 69. Kh3 Rc5 70. Bb7 Rg5 71. Bc6 Rg3+ 72. Kh2 Kg4 73. Bd7+ Kf3 0-1

[Event "55th Rubinstein Memorial-A 2019"]
[Site "Polanica-Zdroj"]
[Date "2019.08.18"]
[Round "2.12"]
[White "Marszalek, Maciej"]
[Black "Hetzer, Volkhard"]
[Result "1/2-1/2"]
[ECO "D11"]
[WhiteElo "2295"]
[BlackElo "1931"]
[Annotator "NA"]
[PlyCount "90"]
[EventDate "2019.08.17"]
[EventType "swiss"]
[EventCountry "POL"]
[SourceTitle "playchess.com"]
[Source "ChessBase"]
[SourceQuality "1"]
[TimeControl "40/5400+30:1800+30"]

1. d4 d5 2. c4 c6 3. Nf3 Nf6 4. Qb3 dxc4 5. Qxc4 Bg4 6. Nbd2 g6 {[%emt 0:00:27] D23: Queen's Gambit Accepted: 3 Nf3 Nf6 sidelines} (6... e6 7. g3 Nbd7 8. Bg2 Be7 9. O-O O-O 10. Qb3 b5 11. h3 Bh5 12. g4 Bg6 13. Nh4 Qb6 14. Nxg6 hxg6 {½-½ (63) Mamedyarov,S (2817)-Gozzoli,Y (2630) chess.com INT 2019}) 7. g3 Bg7 8. Bg2 O-O 9. O-O Na6 10. e3 Qd5 $146 ({Predecessor:} 10... Nd7 11. h3 Be6 12. Qe2 h6 13. Rd1 Nb6 14. b3 Qc7 {½-½ (14) Broekman,W (2151)-Kozak,M (2257) Liberec 2006}) 11. Ne5 Qxc4 12. Ndxc4 Bf5 13. b3 Nd7 14. Nxd7 Bxd7 15. Ba3 Rfe8 16. Rac1 Nc7 17. h3 Nd5 18. Na5 Bc8 19. Rfd1 e6 20. Nc4 Bf8 21. Bc5 Rd8 22. Ne5 f6 23. Nd3 Kf7 24. a4 Bh6 25. Kh2 b6 26. Ba3 Bb7 $16 27. Rc2 Bf8 28. Bb2 Rac8 29. a5 Ba6 30. Rcc1 Bxd3 31. Rxd3 bxa5 32. e4 Nb4 33. Rdd1 Bd6 34. Bf1 Bc7 35. Bc4 Bb6 36. Rd2 Rd7 37. Rcd1 Rcd8 38. Bc3 Ke7 39. Kg2 Kf7 40. h4 h5 41. Kf1 Ke7 42. Ke2 Kf7 43. Kf1 Ke7 44. Ke2 Kf7 45. Kf1 Ke7 1/2-1/2

[Event "55th Rubinstein Memorial-A 2019"]
[Site "Polanica-Zdroj"]
[Date "2019.08.18"]
[Round "2.13"]
[White "Lapaj, Mateusz"]
[Black "Rogacewicz, Mikolaj"]
[Result "1-0"]
[ECO "C17"]
[WhiteElo "2233"]
[BlackElo "1925"]
[Annotator "NA"]
[PlyCount "43"]
[EventDate "2019.08.17"]
[EventType "swiss"]
[EventCountry "POL"]
[SourceTitle "playchess.com"]
[Source "ChessBase"]
[SourceQuality "1"]
[TimeControl "40/5400+30:1800+30"]

1. e4 e6 2. d4 d5 3. Nc3 Bb4 4. e5 c5 5. Bd2 Nh6 6. a3 Bxc3 7. Bxc3 b6 8. Bb5+ Bd7 9. Bd3 Nc6 10. Nf3 Qc7 11. Bd2 Nxd4 12. Nxd4 $14 Qxe5+ 13. Ne2 c4 14. Bc3 Qg5 15. Qc1 Qg4 16. h3 Qxg2 17. Rg1 Qxh3 18. Bxg7 cxd3 19. cxd3 Ng4 20. Bxh8 h5 21. Qg5 Rc8 22. Bf6 1-0

[Event "55th Rubinstein Memorial-A 2019"]
[Site "Polanica-Zdroj"]
[Date "2019.08.18"]
[Round "2.14"]
[White "Jaskolka, Tomasz"]
[Black "Adamczyk, Zuzanna"]
[Result "1-0"]
[ECO "E16"]
[WhiteElo "2227"]
[BlackElo "1911"]
[Annotator "NA"]
[PlyCount "77"]
[EventDate "2019.08.17"]
[EventType "swiss"]
[EventCountry "POL"]
[SourceTitle "playchess.com"]
[Source "ChessBase"]
[SourceQuality "1"]
[TimeControl "40/5400+30:1800+30"]

1. d4 Nf6 2. c4 e6 3. Nf3 b6 4. g3 Bb7 5. Bg2 Bb4+ 6. Bd2 Bxd2+ 7. Nbxd2 d6 8. O-O Nbd7 9. Qc2 c5 10. e4 cxd4 11. Nxd4 O-O 12. f4 $11 a6 13. h3 Qc7 14. Qd3 Rfe8 15. Ne2 Nc5 16. Qe3 Rac8 17. Rac1 Qe7 18. b4 Na4 19. e5 Bxg2 20. exf6 Qb7 21. Rf2 Bc6 22. f5 h6 23. fxg7 Kxg7 24. f6+ Kh7 25. Qd3+ Kh8 26. Qe3 Kh7 27. Qd3+ Kh8 28. Qxd6 Rg8 29. Kh2 Rcd8 30. Qf4 Rg6 31. b5 Be8 32. Nf3 Kh7 33. Ne5 Nc5 34. Nxg6 fxg6 35. f7 Bxf7 36. Qxf7+ Qxf7 37. Rxf7+ Kg8 38. Rcf1 Ne4 39. bxa6 1-0

[Event "55th Rubinstein Memorial-A 2019"]
[Site "Polanica-Zdroj"]
[Date "2019.08.18"]
[Round "2.15"]
[White "Mielczarek, Daniel"]
[Black "Lukasiewicz, Krzysztof"]
[Result "0-1"]
[ECO "A48"]
[WhiteElo "1924"]
[BlackElo "2185"]
[Annotator "NA"]
[PlyCount "40"]
[EventDate "2019.08.17"]
[EventType "swiss"]
[EventCountry "POL"]
[SourceTitle "playchess.com"]
[Source "ChessBase"]
[SourceQuality "1"]
[TimeControl "40/5400+30:1800+30"]

1. Nf3 Nf6 2. d4 g6 3. Bg5 Bg7 4. e3 O-O 5. Bd3 d6 6. Bxf6 Bxf6 7. Nbd2 c5 8. c3 Bg7 9. h4 h5 10. Qc2 cxd4 11. exd4 Nc6 12. Ng5 e5 13. dxe5 Nxe5 14. Be2 Bf5 15. Qb3 d5 16. O-O-O d4 17. Nc4 Nxc4 18. Bxc4 Qc7 19. Bd3 dxc3 20. bxc3 Qf4+ 0-1

[Event "55th Rubinstein Memorial-A 2019"]
[Site "Polanica-Zdroj"]
[Date "2019.08.18"]
[Round "2.16"]
[White "Niedbala, Bartlomiej"]
[Black "Rak, Maciej"]
[Result "1/2-1/2"]
[ECO "E04"]
[WhiteElo "2169"]
[BlackElo "1779"]
[Annotator "NA"]
[PlyCount "91"]
[EventDate "2019.08.17"]
[EventType "swiss"]
[EventCountry "POL"]
[SourceTitle "playchess.com"]
[Source "ChessBase"]
[SourceQuality "1"]
[TimeControl "40/5400+30:1800+30"]

1. d4 d5 2. c4 e6 3. Nf3 Nf6 4. g3 dxc4 5. Bg2 a6 6. O-O Nbd7 7. Nc3 Rb8 8. e4 b5 9. e5 Nd5 10. Nxd5 exd5 11. Ng5 Nb6 12. e6 Bxe6 13. Nxe6 fxe6 14. Bh3 Qf6 15. Re1 Kd7 16. Rxe6 Qxe6 17. Bxe6+ Kxe6 18. Bf4 Kd7 19. Qg4+ Kc6 20. Re1 Bd6 21. Bxd6 cxd6 22. Re7 Rhe8 23. Rxg7 a5 24. Ra7 Ra8 25. Rxh7 b4 26. h4 a4 27. Qg7 Rec8 28. Qb7+ Kb5 29. Rh5 Ka5 30. Rxd5+ Nxd5 31. Qxd5+ Ka6 32. Qxd6+ Ka5 33. a3 Rab8 34. axb4+ Kb5 35. Qg6 Kxb4 36. Qc2 c3 37. d5 cxb2 38. Qxb2+ Ka5 39. Qd2+ Kb5 40. d6 a3 41. d7 Rd8 42. Qd5+ Kb4 43. Qd4+ Kb3 44. Qd3+ Kb2 45. Qd4+ Kb1 46. Qd3+ 1/2-1/2

[Event "55th Rubinstein Memorial-A 2019"]
[Site "Polanica-Zdroj"]
[Date "2019.08.18"]
[Round "2.17"]
[White "Vanduyfhuys, Daria"]
[Black "Wloch, Mikolaj"]
[Result "0-1"]
[ECO "D43"]
[WhiteElo "2160"]
[BlackElo "1771"]
[Annotator "NA"]
[PlyCount "62"]
[EventDate "2019.08.17"]
[EventType "swiss"]
[EventCountry "POL"]
[SourceTitle "playchess.com"]
[Source "ChessBase"]
[SourceQuality "1"]
[TimeControl "40/5400+30:1800+30"]

1. d4 d5 2. c4 c6 3. Nf3 Nf6 4. Nc3 e6 5. Bg5 h6 6. Bxf6 Qxf6 7. e3 Nd7 8. Bd3 dxc4 9. Bxc4 Bd6 10. O-O Qe7 11. Rc1 O-O 12. Ne4 Bc7 13. Bd3 e5 14. d5 Bb6 15. dxc6 $14 bxc6 16. Rxc6 Bb7 17. Rd6 Rad8 18. Ng3 Bxf3 19. gxf3 Nc5 20. Nf5 Qg5+ 21. Kh1 Nxd3 22. Qxd3 Rxd6 23. Nxd6 Rd8 24. Qa3 Qf6 25. Nb5 Qxf3+ 26. Kg1 Qg4+ 27. Kh1 Qe2 28. Kg2 Qxb5 29. Qc3 Qd5+ 30. Kg1 Rd6 31. f3 Qd2 0-1

[Event "55th Rubinstein Memorial-A 2019"]
[Site "Polanica-Zdroj"]
[Date "2019.08.18"]
[Round "2.18"]
[White "Wisniewski, Michal"]
[Black "Kozlowski, Pawel"]
[Result "1-0"]
[ECO "A04"]
[WhiteElo "2130"]
[BlackElo "1763"]
[Annotator "NA"]
[PlyCount "87"]
[EventDate "2019.08.17"]
[EventType "swiss"]
[EventCountry "POL"]
[SourceTitle "playchess.com"]
[Source "ChessBase"]
[SourceQuality "1"]
[TimeControl "40/5400+30:1800+30"]

1. Nf3 e6 2. c4 f5 3. Nc3 Nf6 4. d3 Bb4 5. g3 b6 6. Bg2 Bb7 7. O-O O-O 8. Qb3 Bxc3 9. Qxc3 Qe8 10. c5 Na6 11. cxb6 cxb6 12. b3 Rc8 13. Qd2 Qh5 14. Ba3 Rfe8 15. Rac1 Nc7 16. Rc4 Ng4 17. h3 Bd5 18. hxg4 fxg4 19. Nh2 Bxc4 20. dxc4 d5 21. Qf4 Qf5 22. Qxg4 Qxg4 23. Nxg4 dxc4 24. bxc4 Red8 25. Bc1 Ne8 26. Bg5 Rd4 27. Ne5 Rd6 28. Be3 Nf6 29. Rc1 Nd7 30. Nd3 Nc5 31. Nxc5 bxc5 32. Bb7 Rcd8 33. Bxc5 Rd2 34. a3 Rxe2 35. Bf3 Ra2 36. Rc3 a5 37. Bb6 Ra1+ 38. Kg2 Rc8 39. Bxa5 Kf7 40. c5 Rb1 41. Bb4 Ke8 42. Bb7 Rc7 43. c6 Rb2 44. Rf3 1-0

[Event "55th Rubinstein Memorial-A 2019"]
[Site "Polanica-Zdroj"]
[Date "2019.08.18"]
[Round "2.19"]
[White "Hasterok, Mateusz"]
[Black "Luba, Lukasz"]
[Result "0-1"]
[ECO "E80"]
[WhiteElo "1911"]
[BlackElo "2130"]
[Annotator "NA"]
[PlyCount "80"]
[EventDate "2019.08.17"]
[EventType "swiss"]
[EventCountry "POL"]
[SourceTitle "playchess.com"]
[Source "ChessBase"]
[SourceQuality "1"]
[TimeControl "40/5400+30:1800+30"]

1. d4 d6 2. c4 g6 3. e4 Bg7 4. Nc3 Nf6 5. f3 c6 6. Be3 Qc7 7. Qd2 h5 8. Nge2 Nbd7 9. Nc1 e5 10. Nb3 Bf8 11. O-O-O b6 12. f4 Ng4 13. Bg1 exf4 14. Kb1 Bh6 15. h3 Ne3 16. Re1 Nxf1 17. Rxf1 h4 18. Qe2 Ba6 19. Nd2 O-O-O 20. Nf3 g5 21. b4 Bb7 22. Rc1 Rde8 23. d5 c5 24. Bf2 a6 25. b5 a5 26. Qc2 Qd8 27. Be1 Qe7 28. Bd2 Bg7 29. Rhe1 Qf6 30. e5 Nxe5 31. Ne4 Nxc4 32. Qb3 Rxe4 33. Rxe4 Nxd2+ 34. Nxd2 Bxd5 35. Rec4 Qg6+ 36. Qc2 Bxc4 37. Qxg6 Bxa2+ 38. Kxa2 fxg6 39. Nc4 Kc7 40. Re1 Be5 0-1

[Event "55th Rubinstein Memorial-A 2019"]
[Site "Polanica-Zdroj"]
[Date "2019.08.18"]
[Round "2.20"]
[White "Goraj, Barbara"]
[Black "Slomczewski, Michal"]
[Result "0-1"]
[ECO "B47"]
[WhiteElo "1800"]
[BlackElo "2115"]
[Annotator "NA"]
[PlyCount "102"]
[EventDate "2019.08.17"]
[EventType "swiss"]
[EventCountry "POL"]
[SourceTitle "playchess.com"]
[Source "ChessBase"]
[SourceQuality "1"]
[TimeControl "40/5400+30:1800+30"]

1. e4 c5 2. Nf3 e6 3. d4 cxd4 4. Nxd4 Nc6 5. Nc3 Qc7 6. Be2 a6 7. O-O Nf6 8. Be3 b5 9. a3 Be7 10. f4 Bb7 11. Bf3 d6 12. Nxc6 Bxc6 13. e5 dxe5 14. fxe5 Nd7 15. Bxc6 Qxc6 16. Qg4 O-O 17. Bh6 Qc5+ 18. Kh1 Qxe5 19. Rae1 f5 20. Qd1 Qd6 21. Qxd6 Bxd6 22. Rxe6 Be5 23. Bd2 g6 24. Re1 Rfe8 25. Rxe8+ Rxe8 26. Bf4 Kf7 27. Bxe5 Rxe5 28. Rxe5 Nxe5 29. b3 Ke6 30. Kg1 Ng4 31. Nd1 f4 32. h3 Ne3 33. Nxe3 fxe3 34. Kf1 Kd5 35. c3 g5 36. Ke2 Ke4 37. g3 a5 38. a4 bxa4 39. bxa4 h5 40. g4 h4 41. c4 Kd4 42. c5 Kxc5 43. Kxe3 Kb4 44. Ke4 Kxa4 45. Kf5 Kb4 46. Kxg5 a4 47. Kh6 a3 48. g5 a2 49. g6 a1=Q 50. g7 Qf6+ 51. Kh7 Qf7 0-1

[Event "55th Rubinstein Memorial-A 2019"]
[Site "Polanica-Zdroj"]
[Date "2019.08.18"]
[Round "2.21"]
[White "Skiba, Aleksandra"]
[Black "Malicka, Maria"]
[Result "0-1"]
[ECO "C91"]
[WhiteElo "1703"]
[BlackElo "2062"]
[Annotator "NA"]
[PlyCount "120"]
[EventDate "2019.08.17"]
[EventType "swiss"]
[EventCountry "POL"]
[SourceTitle "playchess.com"]
[Source "ChessBase"]
[SourceQuality "1"]
[TimeControl "40/5400+30:1800+30"]

1. e4 e5 2. Nf3 Nc6 3. Bb5 a6 4. Ba4 Nf6 5. O-O Be7 6. Re1 b5 7. Bb3 d6 8. c3 O-O 9. d4 Bg4 10. d5 Na5 11. Bc2 c6 12. h3 Bc8 13. dxc6 Nxc6 14. Nbd2 Qc7 15. Nf1 h6 16. Ng3 Rd8 17. Qe2 Be6 18. Bb3 Na5 19. Bxe6 fxe6 20. Nh2 Qc4 21. Nh5 Qxe2 22. Nxf6+ gxf6 23. Rxe2 Kh7 24. Ng4 h5 25. Ne3 Kg6 26. b4 Nc4 27. a4 d5 28. exd5 exd5 29. axb5 Nxe3 30. Bxe3 axb5 31. Rea2 Rac8 32. Ra7 Bf8 33. Rb7 Rxc3 34. Rxb5 d4 35. Bd2 Rc2 36. Rd1 e4 37. Bf4 Rb2 38. Rb6 Rxb4 39. Rxb4 Bxb4 40. Kf1 Kf5 41. Be3 Bc3 42. g3 Rb8 43. Bf4 Rb2 44. Bh6 Rb7 45. Ke2 d3+ 46. Kf1 Bd4 47. Bd2 Rb2 48. Ke1 Rc2 49. Kf1 Ke5 50. Bf4+ Kd5 51. Bd2 f5 52. h4 Kc4 53. Kg1 Bc3 54. Be3 Bd4 55. Bd2 Kb3 56. Kf1 Rb2 57. Ke1 Bc3 58. Bxc3 Kxc3 59. Rc1+ Rc2 60. Rd1 Re2+ 0-1

[Event "55th Rubinstein Memorial-A 2019"]
[Site "Polanica-Zdroj"]
[Date "2019.08.18"]
[Round "2.22"]
[White "Zych, Marek"]
[Black "Gospodarczyk, Wojciech"]
[Result "1-0"]
[ECO "A04"]
[WhiteElo "2061"]
[BlackElo "1615"]
[Annotator "NA"]
[PlyCount "54"]
[EventDate "2019.08.17"]
[EventType "swiss"]
[EventCountry "POL"]
[SourceTitle "playchess.com"]
[Source "ChessBase"]
[SourceQuality "1"]
[TimeControl "40/5400+30:1800+30"]

1. Nf3 f5 2. d4 Nf6 3. c4 d6 4. g3 g6 5. Bg2 Bg7 6. O-O O-O 7. Nc3 Nbd7 8. Qb3 c6 9. Ng5 Qb6 10. Ne6 Rf7 11. d5 Ne5 12. Be3 c5 13. f4 Neg4 14. Bd2 Bh8 15. h3 Nh6 16. Qc2 Nh5 17. Kh2 Ng7 18. Ng5 Rf8 19. e4 Nf7 20. Nxf7 Rxf7 21. e5 Ne8 22. Rfe1 Rf8 23. Re2 Bd7 24. Rae1 a6 25. a3 Qc7 26. Qd3 Rc8 27. e6 Qd8 1-0

[Event "55th Rubinstein Memorial-A 2019"]
[Site "Polanica-Zdroj"]
[Date "2019.08.18"]
[Round "2.23"]
[White "Hertlein, Irena"]
[Black "Domanski, Lukasz"]
[Result "0-1"]
[ECO "A46"]
[WhiteElo "1689"]
[BlackElo "2058"]
[Annotator "NA"]
[PlyCount "56"]
[EventDate "2019.08.17"]
[EventType "swiss"]
[EventCountry "POL"]
[SourceTitle "playchess.com"]
[Source "ChessBase"]
[SourceQuality "1"]
[TimeControl "40/5400+30:1800+30"]

1. d4 Nf6 2. Nf3 c5 3. e3 g6 4. b3 Bg7 5. Bb2 cxd4 6. exd4 d5 7. Bb5+ Nc6 8. O-O O-O 9. h3 Bf5 10. Bxc6 bxc6 11. Nc3 c5 12. dxc5 Ne4 13. Na4 Bxb2 14. Nxb2 Nxc5 15. Nd4 Qc8 16. Re1 Ne4 17. Nxf5 Qxf5 18. Qe2 Nc3 19. Qd2 Qf6 20. Nd3 Rac8 21. f3 Rc7 22. Nf4 Rfc8 23. Nxd5 Nxd5 24. Qxd5 Rxc2 25. Qe4 e6 26. Qe3 Qh4 27. Re2 Rxe2 28. Qxe2 Qd4+ 0-1

[Event "55th Rubinstein Memorial-A 2019"]
[Site "Polanica-Zdroj"]
[Date "2019.08.18"]
[Round "2.24"]
[White "Goluch, Piotr"]
[Black "Szydlo, Michal"]
[Result "1-0"]
[ECO "A05"]
[WhiteElo "2418"]
[BlackElo "1865"]
[Annotator "NA"]
[PlyCount "69"]
[EventDate "2019.08.17"]
[EventType "swiss"]
[EventCountry "POL"]
[SourceTitle "playchess.com"]
[Source "ChessBase"]
[SourceQuality "1"]
[TimeControl "40/5400+30:1800+30"]

1. Nf3 Nf6 2. b3 g6 3. Bb2 Bg7 4. d4 O-O 5. Nbd2 d5 6. c4 {[%emt 0:00:07] A48: 1 d4 Nf6 2 Nf3 g6: Torre, London and Colle Systems} c6 7. e3 (7. g3 Ne4 8. Bg2 Bf5 9. Nh4 e6 10. Nxf5 exf5 11. O-O Re8 12. cxd5 cxd5 {½-½ (59) Banikas,H (2601)-Van Foreest,J (2614) Skopje 2018}) 7... e6 8. Bd3 b6 $146 ({Predecessor:} 8... Nbd7 9. O-O Re8 10. e4 dxe4 11. Nxe4 Nxe4 12. Bxe4 c5 13. Rb1 Qc7 14. d5 exd5 15. Bxd5 Nf6 16. Ng5 Nxd5 17. Qxd5 Bf5 18. Bxg7 Bxb1 19. Rxb1 Kxg7 {0-1 (32) Koerber,C (1571)-Fett,H (1702) Forchheim 2010}) 9. Ne5 Nfd7 10. h4 Nxe5 11. dxe5 Nd7 12. Nf3 (12. f4 $1 $14) 12... Qc7 13. cxd5 exd5 14. Rc1 Nxe5 15. Bxe5 Bxe5 16. Bb5 Bd7 17. Bxc6 Bxc6 18. Nxe5 Qxe5 19. Rxc6 Rac8 20. Rxc8 Rxc8 21. O-O Qe4 22. h5 Rc2 23. Qa1 gxh5 24. Qf6 h4 25. Qg5+ Kf8 26. Rd1 Rc5 27. Rd4 Qg6 28. Qxh4 $16 h5 29. Rf4 Ke8 30. Kh2 Rc2 31. a4 Kd7 32. Rf6 Qg7 33. Qd4 Ke7 34. Re6+ Kf8 35. Re8+ 1-0

[Event "55th Rubinstein Memorial-A 2019"]
[Site "Polanica-Zdroj"]
[Date "2019.08.18"]
[Round "2.25"]
[White "Kosakowski, Jakub"]
[Black "Simon, Marek"]
[Result "1-0"]
[ECO "A05"]
[WhiteElo "2401"]
[BlackElo "1879"]
[Annotator "NA"]
[PlyCount "85"]
[EventDate "2019.08.17"]
[EventType "swiss"]
[EventCountry "POL"]
[SourceTitle "playchess.com"]
[Source "ChessBase"]
[SourceQuality "1"]
[TimeControl "40/5400+30:1800+30"]

1. Nf3 Nf6 2. c4 e6 3. e3 c5 4. b3 b6 5. Bb2 Bb7 6. Nc3 Be7 7. Be2 O-O 8. O-O Ne4 9. Nxe4 Bxe4 10. d4 d6 11. Nd2 {[%emt 0:00:35] A30: Symmetrical English: Double Fianchetto and Hedgehog} Bb7 12. Bf3 Bxf3 13. Qxf3 Nd7 14. Rad1 cxd4 $146 ({Predecessor:} 14... Qc7 15. Qg3 cxd4 16. Bxd4 Bf6 17. Ne4 e5 18. Bb2 Be7 {1-0 (29) Zornow,T-Ossenbrueggen,L (2045) Bad Segeberg 1998}) 15. Bxd4 Ne5 (15... Qc8 $14) 16. Qg3 Bh4 17. Qh3 Qe7 18. g3 Bf6 19. f4 Nd7 $1 20. Ne4 Bxd4 21. Rxd4 d5 22. Rfd1 Nc5 23. Ng5 h6 24. Nf3 dxc4 25. bxc4 Rad8 26. Ne5 Rxd4 27. Rxd4 Qc7 28. g4 Rd8 29. Qf3 $15 Nb7 30. h4 Rxd4 31. exd4 Nd6 32. Qb3 f6 33. c5 bxc5 34. Qxe6+ Kh7 35. g5 hxg5 36. hxg5 fxg5 37. fxg5 cxd4 38. g6+ Kh6 39. Nf7+ Kh5 40. Nxd6 Qc1+ 41. Kg2 Qc2+ 42. Kf3 Qxg6 43. Qh3+ 1-0